 Dungeon Crawl Stone Soup version 0.31-a0-640-g39d97e502b (webtiles) character file.

Game seed: 9772171470189204311

121 rvierbuc the Ducker (level 4, 0/34 HPs)
             Began as a Demonspawn Gladiator on Aug 27, 2023.
             Was an Initiate of Wu Jian.
             Slain by a black bear (1 damage)
             ... on level 3 of the Dungeon.
             The game lasted 00:07:34 (2270 turns).

rvierbuc the Ducker (Demonspawn Gladiator)          Turns: 2270, Time: 00:07:34

Health: 0/34       AC:  6    Str: 14    XL:     4   Next: 76%
Magic:  4/4        EV: 12    Int:  9    God:    Wu Jian [......]
Gold:   89         SH:  0    Dex: 17    Spells: 3/3 levels left

rFire   . . .        l - +2 whip (pain)
rCold   . . .        (no shield)
rNeg    . . .        k - +0 ring mail
rPois   .            c - +0 helmet
rElec   .            (no cloak)
rCorr   .            (no gloves)
SInv    .            (no boots)
Will    .....        (no amulet)
Stlth   +            (no ring)
HPRegen 0.25/turn    (no ring)
MPRegen 0.09/turn

%: no passive effects
@: no status effects
A: claws 1, weakness stinger 1
a: Renounce Religion


You were on level 3 of the Dungeon.
You worshipped Wu Jian.
Wu Jian was noncommittal.
You visited 1 branch of the dungeon, and saw 4 of its levels.

You collected 89 gold pieces.

Inventory:

Hand Weapons
 a - a +0 long sword
 l - a +2 whip of pain (weapon)
Missiles
 e - a javelin
 n - a throwing net
Armour
 b - a +0 leather armour
 c - a +0 helmet (worn)
 k - a +0 ring mail (worn)
Wands
 s - a wand of flame (7)
Scrolls
 d - a scroll of poison {unknown}
 g - a scroll of torment {unknown}
 i - a scroll of revelation {unknown}
 m - 3 scrolls of identify {unknown}
 o - a scroll of teleportation {unknown}
 p - 2 scrolls of enchant weapon {unknown}
 r - a scroll of fog {unknown}
 t - 2 scrolls of noise {unknown}
Potions
 f - a potion of invisibility {unknown}
 h - 3 potions of curing {unknown}
 j - a potion of attraction {unknown}
 q - 2 potions of might {unknown}
 u - a potion of lignification {unknown}


   Skills:
 + Level 2.4 Fighting
 * Level 3.4 Long Blades
 - Level 1.0 Maces & Flails
 - Level 2.0 Throwing
 + Level 1.3 Armour
 + Level 3.5 Dodging
 + Level 0.2 Stealth


You had 3 spell levels left.
You didn't know any spells.
Your spell library contained the following spells:

 Spells                   Type           Power      Damage    Failure   Level
 Sting                    Tmut/Pois      0%         1d3       63%         1
 Poisonous Vapours        Pois/Air       0%         N/A       77%         2
 Sublimation of Blood     Necr           0%         N/A       77%         2
 Wereblood                Tmut           0%         N/A       77%         2
 Summon Guardian Golem    Hex/Summ       0%         N/A       94%         3
 Olgreb's Toxic Radiance  Pois           0%         N/A       100%        4
 Summon Forest            Summ/Tloc      0%         N/A       100%        5
 Summon Mana Viper        Hex/Summ       0%         N/A       100%        5
 Summon Cactus Giant      Summ           0%         N/A       100%        6
 Orb of Destruction       Conj           0%         9d5       100%        7
 Spellforged Servitor     Conj/Summ      0%         N/A       100%        7
 Summon Hydra             Summ           0%         N/A       100%        7


Dungeon Overview and Level Annotations

Branches:
Dungeon (4/15)
 Temple: D:4-7

Altars:
Wu Jian

Shops:
D:1 ?


Innate Abilities, Weirdness & Mutations

You have sharp fingernails.
You have a small tail.


Message History

Aim: a black bear (severely wounded, berserk, 67% to hit)
You throw a poisoned dart. The poisoned dart hits the black bear.
The black bear is poisoned.
The black bear is severely wounded.
The black bear closely misses you.
The black bear claws you but does no damage.
The black bear barely misses you. The black bear closely misses you.
The black bear claws you but does no damage. x2
You hit the black bear.
The black bear is severely wounded.
The black bear bites you. The black bear claws you.
* * * LOW HITPOINT WARNING * * *
The black bear claws you.
* * * LOW HITPOINT WARNING * * *
The black bear bites you.
* * * LOW HITPOINT WARNING * * *
The black bear misses you. The black bear closely misses you.
The black bear looks more healthy.
The black bear closely misses you. The black bear claws you.
* * * LOW HITPOINT WARNING * * *
The black bear closely misses you.
Unknown command.
Aiming: Throw Flame
Press: ? - help, Shift-Dir - straight line, f/p - black bear
Aim: a black bear (almost dead, berserk, 77% to hit)
The puff of flame misses the black bear.
The black bear closely misses you. x2
The black bear claws you but does no damage.
Aiming: Throw Flame
Press: ? - help, Shift-Dir - straight line, f/p - black bear
Aim: a black bear (almost dead, berserk, 77% to hit)
The puff of flame hits the black bear.
The black bear is almost dead.
The black bear bites you.
* * * LOW HITPOINT WARNING * * *
The black bear barely misses you. The black bear completely misses you.
The black bear misses you. The black bear claws you.
* * * LOW HITPOINT WARNING * * *
The black bear claws you.
You die...

##### ### #..)# ##.## #####
>...##########...#####...#
#..((.......(..h@......#.#
##..#########....#####...#
##..# #.#.## ##.### .##.#
#.#.# #####...#
...##########.#.###.......#
≈...#>.....##....##.###...##
≈...####....<.......##.###.##
.....###.###.....#....## ##.#
.....#...#
#..).##.###.###.####


You could see a black bear (berserk).

Vanquished Creatures
  4 gnolls (D:3)
  An adder (D:2)
  2 worms
  3 dart slugs (D:1)
  An orc (D:3)
  A ball python (D:1)
  6 endoplasms
  A giant cockroach (D:1)
  2 goblins
  9 hobgoblins
  A jackal (D:1)
  10 kobolds
  4 quokkas
  6 bats
  3 frilled lizards
  9 rats
63 creatures vanquished.

Notes
Turn   | Place    | Note
-------+----------+-------------------------------------------
     0 | D:1      | rvierbuc the Demonspawn Gladiator began the quest for the
                  | Orb.
     0 | D:1      | Reached XP level 1. HP: 16/16 MP: 1/1
   384 | D:1      | Discovered your monstrous ancestry.
   384 | D:1      | Gained mutation: You have a small tail. [demonic ancestry]
   384 | D:1      | Reached XP level 2. HP: 22/22 MP: 2/2
   571 | D:1      | Found Iblaso's Magic Scroll Shop.
   735 | D:1      | Gained mutation: You have sharp fingernails. [demonic
                  | ancestry]
   735 | D:1      | Reached XP level 3. HP: 19/27 MP: 3/3
  1202 | D:2      | Reached skill level 1 in Maces & Flails
  1413 | D:3      | Found an ornate altar of the Wu Jian Council.
  1448 | D:3      | Became a worshipper of the Wu Jian Council
  1648 | D:3      | Reached XP level 4. HP: 33/33 MP: 4/4
  1871 | D:3      | Reached skill level 1 in Armour
  2231 | D:4      | Noticed a black bear
  2270 | D:3      | HP: 1/34 [black bear (1)]
  2270 | D:3      | Slain by a black bear

Illustrated notes

Levels and vault maps discovered:
D:1:      nzn_arrival_depleted_hourglass, layout_loops_ring, serial_shops,
          nicolae_shop_statue_plus, hangedman_feature_mirror, minmay_box_of_dots
D:2:      layout_rooms
D:3:      layout_loops_ring, nicolae_wu_jian_wuxing_cycle
D:4:      layout_cave_pools, grunt_temple_overflow_open, ebering_ghost_sewer_d,
          uniq_eustachio, uniq_grinder

Skill      XL: |  1  2  3  4 |
---------------+-------------+-----
Dodging        | 3 |  3.5
Long Blades    | 3 |  3.4
Throwing       | 2 |  2.0
Maces & Flails | 1 |  1.0
Armour         | 1 |  1.3
Fighting       | |  2.4
Stealth        | |  0.2

Action                     |  1- 3 |  4- 6 || total
---------------------------+-------+-------++-------
  Melee: Long sword        |    22 |       ||    22
         Whip              |    86 |    54 ||   140
         Tailslap          |    17 |     8 ||    25
         Punch             |     1 |       ||     1
  Throw: Throwing net      |     5 |       ||     5
         Javelin           |    19 |     1 ||    20
         Dart              |       |    12 ||    12
Ability: Lunge             |     2 |     7 ||     9
  Evoke: Wand              |       |     2 ||     2
 Armour: Leather armour    |     7 |       ||     7
         Ring mail         |    34 |    32 ||    66
  Dodge: Dodged            |    70 |    43 ||   113

Table legend: (Time is in decaauts)
 A = Elapsed time spent in this place.
 B = Non-inter-level travel time spent in this place.
 C = Inter-level travel time spent in this place.
 D = Time resting spent in this place.
 E = Time spent auto-exploring this place.
 F = Levels seen in this place.
 G = Mean time per level.
                   A        B        C        D        E       F      G
               +--------+--------+--------+--------+--------+-----+--------+
         Total |   2289 |   2150 |    139 |      0 |   1659 |   4 |  572.2 |
       Dungeon |   2289 |   2150 |    139 |      0 |   1659 |   4 |  572.2 |
               +--------+--------+--------+--------+--------+-----+--------+

Top non-repeatable levels by time:
     D:3: 876 daAuts
     D:1: 854 daAuts
     D:2: 532 daAuts
     D:4: 26 daAuts
